 Dungeon Crawl Stone Soup version 0.18.1-50-g88ac8fd (webtiles) character file.

118 RudyRod the Skirmisher (level 5, -2/49 HPs)
             Began as a Naga Fighter on Oct 11, 2016.
             Was an Initiate of the Shining One.
             Slain by a gnoll
             ... wielding a +0 spear
              (6 damage)
             ... on level 3 of the Dungeon.
             The game lasted 00:08:15 (2699 turns).

RudyRod the Skirmisher (Naga Fighter)               Turns: 2699, Time: 00:08:17

Health: -2/49      AC:  2    Str: 20    XL:     5   Next: 2%
Magic:  5/5        EV:  7    Int:  8    God:    the Shining One [......]
Gold:   81         SH:  9    Dex: 10    Spells: 0 memorised, 4 levels left

rFire  . . .     SeeInvis +     a - +0 long sword
rCold  . . .     Gourm    .     u - +0 robe (curse)
rNeg   + . .     Faith    .     c - +0 shield
rPois  +         Spirit   .     (no helmet)
rElec  .         Dismiss  .     (no cloak)
rCorr  .         Reflect  .     (no gloves)
SustAt .         Harm     .     (no barding)
MR     .....                    (no amulet)
Stlth  +.........               (no ring)
                                s - ring of positive energy

@: glowing, very slow, not resistant to hostile enchantments, very unstealthy
A: see invisible, deformed body, poison resistance, slowness 2, slow metabolism
1, spit poison 2, AC +1
a: Spit Poison, Renounce Religion


You were on level 3 of the Dungeon.
You worshipped the Shining One.
The Shining One was noncommittal.
You were not hungry.

You visited 1 branch of the dungeon, and saw 3 of its levels.

You collected 81 gold pieces.

Inventory:

Hand Weapons
 a - a +0 long sword (weapon)
Armour
 b - a +0 scale mail
 c - a +0 shield (worn)
 u - a cursed +0 robe (worn)
 v - a +0 chain mail
Jewellery
 s - a ring of positive energy (left hand)
Scrolls
 e - 4 scrolls of identify
 i - 3 scrolls of enchant armour {unknown}
 j - a scroll of fear {unknown}
 l - a scroll of teleportation {unknown}
 m - 2 scrolls of remove curse {unknown}
 n - 2 scrolls of recharging {unknown}
Potions
 d - a potion of might
 g - a potion of haste {unknown}
 h - a potion of brilliance
 k - a potion of heal wounds {unknown}
 p - a potion of mutation {unknown}
 t - a potion of curing {unknown}
Comestibles
 f - a chunk of flesh
 o - a meat ration
 q - a beef jerky
 r - a royal jelly


   Skills:
 + Level 3.4 Fighting
 + Level 2.2 Long Blades
 + Level 3.2 Armour
 + Level 1.1 Dodging
 * Level 3.0 Stealth
 + Level 2.8 Shields


You had 4 spell levels left.
You didn't know any spells.

Dungeon Overview and Level Annotations

Branches:
Dungeon (3/15)

Altars:
Pakellas
Sif Muna
Trog
The Shining One


Innate Abilities, Weirdness & Mutations

You cannot wear boots.
Your serpentine skin is tough (AC +1).
You have supernaturally acute eyesight.
Armour fits poorly on your strangely shaped body.
Your system is resistant to poisons.
You cover ground very slowly.
You have a slow metabolism.
You can spit poison.


Message History

You slash the gnoll!
You kill the gnoll!
Your Stealth skill increases to level 3!
You have reached level 5!
The gnoll hits you from afar with a spear.
* * * LOW HITPOINT WARNING * * *
Press: ? - help, Shift-Dir - straight line, f - gnoll
Aim: a gnoll, wielding a club Poisoning this monster would place you under penance.
Continue anyway?
Your shield prevents you from hitting the gnoll.
The gnoll completely misses you.
The gnoll hits you from afar with a spear.
* * * LOW HITPOINT WARNING * * *
You hit the gnoll.
The gnoll is lightly wounded.
The gnoll hits you from afar with a spear.
* * * LOW HITPOINT WARNING * * *
The gnoll barely misses you.
The gnoll hits you from afar with a spear.
You die...

########.......#.......######
####....[..............#
...#..÷....###.##.####.# ####
...................## ..# ###...
....................##...#.....##
...........................####..
................>..........#.....
............####.##..........#..)
...#........##.g@......#.#.#.#.##
#####...#.#...g##............#÷..
###...#....# ......#.#.#....#
##.........##..........#.##
#......##?..##...#.#.#.#.#
#.#...## ##..............#
...##..# ###......#....# # #..#
.......##.##... #..
#.##..<.....###.


You could see 2 gnolls.

Vanquished Creatures
  5 adders
  A gnoll (D:3)
  A worm (D:3)
  2 dart slugs
  2 giant geckos
  An orc (D:3)
  4 giant cockroaches
  5 goblins
  6 hobgoblins
  6 kobolds
  10 bats
  4 giant newts
  8 rats
55 creatures vanquished.

Notes
Turn   | Place    | Note
--------------------------------------------------------------
     0 | D:1      | RudyRod the Naga Fighter began the quest for the Orb.
     0 | D:1      | Reached XP level 1. HP: 21/21 MP: 1/1
   170 | D:1      | Reached XP level 2. HP: 25/28 MP: 2/2
   759 | D:1      | Reached skill level 1 in Stealth
   759 | D:1      | Reached XP level 3. HP: 29/34 MP: 3/3
  1417 | D:2      | Reached skill level 1 in Dodging
  1791 | D:2      | Reached XP level 4. HP: 42/42 MP: 4/4
  1810 | D:2      | Found a deep blue altar of Sif Muna.
  1815 | D:2      | Found an oddly glowing altar of Pakellas.
  1919 | D:2      | Found a glowing golden altar of the Shining One.
  1924 | D:2      | Became a worshipper of the Shining One
  1930 | D:2      | Found a bloodstained altar of Trog.
  2697 | D:3      | Reached XP level 5. HP: 13/49 MP: 5/5
  2699 | D:3      | Slain by a gnoll

Skill      XL: |  1  2  3  4 |
---------------+-------------+-----
Stealth        | 1 2 3 |  3.0
Dodging        | 1 |  1.1
Armour         | 3 |  3.2
Fighting       | |  3.4
Long Blades    | |  2.2
Shields        | |  2.8

Action                   |  1- 3 |  4- 6 || total
-------------------------+-------+-------++-------
Melee: Long sword        |   111 |    76 ||   187
 Abil: Spit Poison       |     2 |     1 ||     3
  Use: Scroll            |     1 |     1 ||     2
  Eat: Chunk             |     2 |     2 ||     4
       Bread ration      |       |     1 ||     1
Armor: Scale mail        |    60 |    57 ||   117
       Robe              |       |     3 ||     3
Dodge: Dodged            |    26 |    30 ||    56
Block: Shield            |    63 |    52 ||   115
